 Dungeon Crawl Stone Soup version 0.26.0-11-g8f856b5395 (webtiles) character file.

Game seed: 15746617315689925852

230 Marvel the Chopper (level 6, -1/53 HPs)
             Began as a Hill Orc Fighter on Jan 15, 2021.
             Slain by Sigmund
             ... wielding a +2 vampiric scythe
              (4 damage)
             ... on level 3 of the Dungeon.
             The game lasted 00:04:59 (3233 turns).

Marvel the Chopper (Hill Orc Fighter)               Turns: 3233, Time: 00:05:00

Health: -1/53      AC:  7    Str: 20 (21) XL:     6   Next: 3%
Magic:  6/6        EV:  7    Int:  6 (8)  God:
Gold:   142        SH:  9    Dex:  7 (10) Spells: 5/5 levels left

rFire    . . .     SeeInvis .   a - +0 war axe
rCold    . . .     Faith    .   c - +0 kite shield
rNeg     . . .     Spirit   .   b - +0 scale mail
rPois    .         Reflect  .   (no helmet)
rElec    .         Harm     .   (no cloak)
rCorr    .         Rampage  .   (no gloves)
Will     .....                  (no boots)
Stlth    ..........             (no amulet)
HPRegen  0.17/turn              (no ring)
MPRegen  0.10/turn              (no ring)

@: mighty, brilliant, berserk cooldown, attractive, hasted and slowed
A: no striking features
a: no special abilities


You were on level 3 of the Dungeon.
You visited 1 branch of the dungeon, and saw 3 of its levels.

You collected 142 gold pieces.

Inventory:

Hand Weapons
 a - a +0 war axe (weapon)
Armour
 b - a +0 scale mail (worn)
 c - a +0 kite shield (worn)
Wands
 l - a wand of iceblast (7)
 o - a wand of digging (4)
Scrolls
 f - 2 scrolls of noise {unknown}
 h - a scroll of random uselessness {unknown}
 i - 2 scrolls of remove curse {unknown}
 n - a scroll of teleportation {unknown}
Potions
 m - a potion of brilliance
 p - a potion of berserk rage


   Skills:
 + Level 4.4 Fighting
 + Level 4.9 Axes
 + Level 4.6 Armour
 + Level 0.9 Dodging
 + Level 0.3 Stealth
 + Level 4.3 Shields


You had 5 spell levels left.
You didn't know any spells.
Your spell library was empty.

Dungeon Overview and Level Annotations

Branches:
Dungeon (3/15)

Altars:
The Shining One

Annotations:
D:3 Sigmund


Message History

Sigmund draws strength from your wounds!
It was a potion of haste.
You feel yourself speed up. Sigmund hits you but does no damage.
It was a potion of curing.
You feel better. You block Sigmund's attack.
Your shield and scale mail prevent you from hitting Sigmund.
Sigmund is heavily wounded.
You block Sigmund's attack.
Okay, then.
You feel very mighty all of a sudden. You block Sigmund's attack.
You slash Sigmund!
Sigmund is severely wounded.
Sigmund gestures at you while chanting. The puff of flame hits you!
* * * LOW HITPOINT WARNING * * *
Your scale mail prevents you from hitting Sigmund.
Sigmund is severely wounded.
Sigmund says, "I'm your fate."
Sigmund hits you with a +2 vampiric scythe.
You die...

.............#...# #.##
.......##.####.#.# #.###
..........####.#.###### #...#
......###.............# #.#.#
......##........#####.# ###.#
................# #.# #.#
........#.......# #.# #.#
######..#############.#####.#
........# #.@...#.#.....#
###############@#####.#######
..........b.....# #.#
######.#.######## #.#
..........b.....#####.####
................).....##.#
###..#####r.....รท#######.#####
#..# #.......## #......# #..#
#@.......# ##.####.##


You could see Sigmund.

Vanquished Creatures
  Ijyb (D:3)
  Terence (D:3)
  4 gnolls (D:2)
  6 adders (D:2)
  2 worms
  A dart slug (D:2)
  3 leopard geckos
  12 bats
  3 giant cockroaches
  12 goblins
  10 hobgoblins
  6 jackals (D:2)
  3 kobolds
  2 quokkas
  3 ball pythons
  A frilled lizard (D:2)
  8 rats
78 creatures vanquished.

Notes
Turn   | Place    | Note
-------+----------+-------------------------------------------
     0 | D:1      | Marvel the Hill Orc Fighter began the quest for the Orb.
     0 | D:1      | Reached XP level 1. HP: 19/19 MP: 1/1
   239 | D:1      | Reached XP level 2. HP: 26/27 MP: 2/2
   633 | D:1      | Reached XP level 3. HP: 32/33 MP: 3/3
   996 | D:2      | Reached XP level 4. HP: 26/40 MP: 4/4
  1636 | D:2      | Reached XP level 5. HP: 12/46 MP: 5/5
  2294 | D:2      | Found a glowing golden altar of the Shining One.
  2542 | D:3      | Noticed Ijyb
  2553 | D:3      | Killed Ijyb
  2878 | D:3      | Noticed Terence
  2894 | D:3      | Killed Terence
  3036 | D:3      | Reached XP level 6. HP: 53/53 MP: 6/6
  3156 | D:3      | Noticed Sigmund
  3233 | D:3      | Slain by Sigmund

Illustrated notes

Levels and vault maps discovered:
D:1:      minmay_arrival_solitary_statue, layout_loops_cross,
          minmay_misc_feat_pillars, serial_park_tiny_2
D:2:      layout_basic, nicolae_tso_swordbearing_angel
D:3:      layout_rooms, serial_co_window_serial, co_window_of_opportunity_a,
          co_window_paths_a, co_window_cross_1, co_window_paths_b,
          co_window_corner_a, co_window_2corner, co_window_unsneaky_path_e,
          co_window_cross_2, co_window_4corner_a, co_window_4corner_b,
          glass_columns_c, glass_columns_c, glass_columns_b, glass_columns_a,
          uniq_ijyb, uniq_terence, uniq_sigmund

Skill      XL: |  1  2  3  4 |
---------------+-------------+-----
Fighting       | 4 |  4.4
Axes           | 3 4 |  4.9
Shields        | 4 |  4.3
Armour         | 4 |  4.6
Dodging        | |  0.9
Stealth        | |  0.3

Action                   |  1- 3 |  4- 6 || total
-------------------------+-------+-------++-------
Melee: War axe           |   111 |   163 ||   274
  Use: Potion            |       |     7 ||     7
Armor: Scale mail        |    54 |   101 ||   155
Dodge: Dodged            |    37 |    59 ||    96
Block: Kite shield       |    73 |   123 ||   196
